 Dungeon Crawl Stone Soup version 0.23.0-3-gf3c87f2 (webtiles) character file.

Game seed: 13458414963491021873

144 Scud the Skirmisher (level 5, -3/50 HPs)
             Began as a Naga Fighter on Feb 23, 2019.
             Slain by Sigmund
             ... wielding a +7 scythe of venom
              (12 damage)
             ... on level 2 of the Dungeon.
             The game lasted 00:07:15 (1474 turns).

Scud the Skirmisher (Naga Fighter)                  Turns: 1474, Time: 00:07:16

Health: -3/50      AC:  5    Str: 20    XL:     5   Next: 27%
Magic:  5/5        EV:  5    Int:  8    God:
Gold:   81         SH:  9    Dex: 10    Spells: 4/4 levels left

rFire    . . .     SeeInvis +   m - +2 flail (holy)
rCold    . . .     Gourm    .   c - +0 shield
rNeg     . . .     Faith    .   b - +0 scale mail
rPois    +         Spirit   .   (no helmet)
rElec    .         Reflect  .   e - scarf {cloud immunity}
rCorr    .         Harm     .   (no gloves)
MR       .....                  (no barding)
Stlth    ..........             (no amulet)
HPRegen  0.16/turn              (no ring)
MPRegen  0.09/turn              (no ring)

@: very slow
A: large, see invisible, deformed body, poison resistance, slowness 2, slow
metabolism 1, spit poison 1, AC +1
a: Spit Poison


You were on level 2 of the Dungeon.
You were not hungry.

You visited 1 branch of the dungeon, and saw 2 of its levels.

You collected 81 gold pieces.

Inventory:

Hand Weapons
 a - a +0 flail
 m - a +2 flail of holy wrath (weapon)
Armour
 b - a +0 scale mail (worn)
 c - a +0 shield (worn)
 e - a scarf of cloud immunity (worn)
Scrolls
 h - a scroll of enchant armour {unknown}
 i - a scroll of fog {unknown}
 k - a scroll of immolation {unknown}
 l - a scroll of teleportation {unknown}
 n - a scroll of blinking {unknown}
 o - a scroll of fear {unknown}
 q - a scroll of identify {unknown}
Potions
 d - a potion of flight {unknown}
 g - 2 potions of brilliance {unknown}
 j - a potion of heal wounds {unknown}
Comestibles
 f - 3 rations
 p - a chunk of flesh


   Skills:
 * Level 3.9 Fighting
 + Level 2.9 Maces & Flails
 + Level 3.1 Armour
 + Level 0.5 Dodging
 + Level 3.1 Shields


You had 4 spell levels left.
You didn't know any spells.
Your spell library was empty.

Dungeon Overview and Level Annotations

Branches:
Dungeon (2/15)

Altars:
Wu Jian

Annotations:
D:2 Sigmund


Innate Abilities, Weirdness & Mutations

You cannot wear boots.
Your serpentine skin is tough. (AC +1)
You have supernaturally acute eyesight. (SInv)
Armour fits poorly on your strangely shaped body.
Your system is resistant to poisons. (rPois)
You cover ground very slowly.
You have a slow metabolism.
You can spit poison.


Message History

Sigmund hits you but does no damage.
Your shield and scale mail prevent you from hitting Sigmund.
You block Sigmund's attack.
You sock Sigmund!
Sigmund is heavily wounded.
Sigmund points at you and mumbles some strange words.
The magic dart hits you!
You closely miss Sigmund.
Sigmund is heavily wounded.
Sigmund hits you with a +7 scythe of venom!
* * * LOW HITPOINT WARNING * * *
Okay, then.
You closely miss Sigmund.
Sigmund is heavily wounded.
Sigmund casts a spell.
Sigmund flickers and vanishes for a moment.
You closely miss Sigmund.
Sigmund is heavily wounded.
Sigmund hits you with a +7 scythe of venom!
You die...

#...###### .. #.
#..##.... #.
#.#####.....### ###.#
...........### ..(.
...........##. #..
#........#.. #.##
##..........#
..####..####.<...†######
#.....@@.....#....#
#..####.####......# #.#
#..##### #.. #..# ...
#..# ._.. ...#
....###..# ...## #..#
#..#


You could see Sigmund (invisible).

Vanquished Creatures
  An orc wizard (D:2)
  Terence (D:2)
  4 adders (D:2)
  An ooze (D:1)
  A worm (D:2)
  A leopard gecko (D:1)
  3 orcs (D:2)
  A ball python (D:1)
  6 bats
  4 goblins (D:1)
  6 hobgoblins
  3 frilled lizards (D:1)
  5 kobolds (D:1)
  15 rats (D:1)
52 creatures vanquished.

Notes
Turn   | Place    | Note
-------+----------+-------------------------------------------
     0 | D:1      | Scud the Naga Fighter began the quest for the Orb.
     0 | D:1      | Reached XP level 1. HP: 21/21 MP: 1/1
    75 | D:1      | Reached XP level 2. HP: 20/28 MP: 2/2
   220 | D:1      | HP: 1/28 [hobgoblin/+0 club (3)]
   221 | D:1      | Reached XP level 3. HP: 1/34 MP: 3/3
   873 | D:2      | Noticed Terence
   892 | D:2      | Killed Terence
   892 | D:2      | Reached XP level 4. HP: 11/42 MP: 4/4
  1147 | D:2      | HP: 2/44 [orc/cursed +0 flail (6)]
  1276 | D:2      | Reached XP level 5. HP: 14/50 MP: 5/5
  1466 | D:2      | Noticed Sigmund
  1468 | D:2      | Found an ornate altar of the Wu Jian Council.
  1474 | D:2      | Slain by Sigmund

Skill      XL: |  1  2  3  4 |
---------------+-------------+-----
Shields        | 3 |  3.1
Armour         | 3 |  3.1
Fighting       | |  3.9
Maces & Flails | |  2.9
Dodging        | |  0.5

Action                   |  1- 3 |  4- 6 || total
-------------------------+-------+-------++-------
Melee: Flail             |   166 |    65 ||   231
  Use: Potion            |     1 |       ||     1
  Eat: Chunk             |       |     1 ||     1
Armor: Scale mail        |    82 |    34 ||   116
Dodge: Dodged            |    44 |    25 ||    69
Block: Shield            |    88 |    54 ||   142
